 Dungeon Crawl Stone Soup version 0.20.1-1-g8b1a95d (webtiles) character file.

69593 inmateoo the Brawler (level 14, -1/130 HPs)
             Began as a Minotaur Fire Elementalist on Oct 8, 2017.
             Was the Champion of Cheibriados.
             Slain by an ice devil (10 damage)
             ... in an ice cave on Oct 9, 2017.
             The game lasted 00:28:37 (18516 turns).

inmateoo the Brawler (Minotaur Fire Elementalist)  Turns: 18516, Time: 00:28:39

Health: -1/130     AC: 17    Str: 32    XL:     14   Next: 91%
Magic:  16/16      EV: 18    Int: 27    God:    Cheibriados [******]
Gold:   1113       SH: 14    Dex: 30    Spells: 15/15 levels left

rFire    + . .     SeeInvis .     - Unarmed
rCold    + . .     Gourm    .   k - +0 shield
rNeg     + . .     Faith    .   x - +4 chain mail
rPois    +         Spirit   .   (helmet unavailable)
rElec    .         Reflect  .   E - scarf {rC+ rF+}
rCorr    .         Harm     .   D - +2 pair of gloves {Dex+3}
MR       +++++     Clarity  +   q - +0 pair of boots
Stlth    ..........             F - amulet of the Four Winds {rN+ MR+++ Clar}
Regen    0.4/turn               I - ring of protection from magic
MPRegen  0.2/turn               n - ring of poison resistance

@: very slow
A: retaliatory headbutt, claws 1, hooves 1, horns 3, deformed body, low mp 1,
mutation resistance 1, sense surroundings 1
a: Bend Time, Temporal Distortion, Slouch, Step From Time, Renounce Religion


You were in an ice cave.
You worshipped Cheibriados.
Cheibriados was exalted by your worship.
You were not hungry.

You visited 3 branches of the dungeon, and saw 19 of its levels.
You also visited: Ice Cave.

You collected 1113 gold pieces.

Inventory:

Hand Weapons
 o - a +8 dagger of venom
Missiles
 z - 4 throwing nets (quivered)
Armour
 k - a +0 shield (worn)
 q - a +0 pair of boots (worn)
 x - a +4 chain mail (worn)
 B - the +2 ring mail "Syeritom" {*Slow rElec rC+}
   (You found it on level 7 of the Dungeon)

   It protects you from cold.
   It insulates you from electricity.
   It may slow you when you take damage.
 D - a +2 pair of gloves of dexterity (worn)
 E - a scarf of resistance (worn)
Jewellery
 n - a ring of poison resistance (right hand)
 F - the amulet of the Four Winds (around neck) {rN+ MR+++ Clar}
   (You found it on level 9 of the Dungeon)

   [amulet of nothing]

   It protects you from negative energy.
   It affects your resistance to hostile enchantments.
   It protects you against confusion.
 I - a ring of protection from magic (left hand)
 J - an uncursed amulet of the gourmand {unknown}
 Q - an uncursed ring of magical power {unknown}
 T - an uncursed ring of resist corrosion {unknown}
 W - an uncursed ring of flight {unknown}
Wands
 h - a wand of iceblast (4/15)
 r - a wand of polymorph (22/24)
 v - a wand of confusion (25/48)
 C - a wand of enslavement (2/24)
 G - a wand of acid (7/15)
 L - a wand of confusion (22/48)
 P - a wand of acid (7/15)
 R - a wand of lightning (11/15)
 U - a wand of flame (34/48)
 V - a wand of disintegration (16/24)
 X - a wand of acid (5/15)
 Y - a wand of lightning (9/15)
Scrolls
 d - 4 scrolls of remove curse
 e - 5 scrolls of enchant armour
 u - 7 scrolls of teleportation
 w - 2 scrolls of recharging
 y - 6 scrolls of amnesia
 K - a scroll of blinking
 M - 2 scrolls of magic mapping
 O - a scroll of fear
 S - a scroll of fog
Potions
 a - 2 potions of mutation
 f - 3 potions of resistance
 g - a potion of flight
 i - 2 potions of curing
 j - 2 potions of cancellation
 l - 4 potions of brilliance
 p - a potion of might
 t - 2 potions of ambrosia
 A - a potion of lignification
 H - 2 potions of agility
 N - 5 potions of heal wounds
Comestibles
 b - 17 royal jellies
 c - 7 bread rations
 m - 16 fruits
 s - 7 meat rations


   Skills:
 + Level 13.6 Fighting
 + Level 13.1 Armour
 + Level 10.5 Dodging
 - Level 1.5 Stealth
 + Level 8.2 Shields
 * Level 16.9 Unarmed Combat
 - Level 1.3 Spellcasting
   Level 0.6 Conjurations
   Level 2.1 Fire Magic
 + Level 7.1 Invocations


You had 15 spell levels left.
You didn't know any spells.

Dungeon Overview and Level Annotations

Branches:
Dungeon (15/15)            Temple (1/1) D:4            Lair (3/6) D:8
  Swamp (0/4) Lair:3        Snake (0/4) Lair:3          Orc (0/2) D:10
 Vaults (0/5) D:14         Depths (0/5) D:15

Altars:
Ashenzari
Cheibriados
Dithmenos
Elyvilon
Fedhas
Gozag
Hepliaklqana
Kikubaaqudgha
Makhleb
Nemelex Xobeh
Okawaru
Qazlal
Ru
Sif Muna
Trog
Uskayaw
Vehumet
Xom


Innate Abilities, Weirdness & Mutations

You reflexively headbutt those who attack you in melee.
You have a pair of large horns on your head.
You have sharp fingernails.
You have large cloven feet.
Armour fits poorly on your strangely shaped body.
Your magical capacity is low. (-10% MP)
You are somewhat resistant to further mutation.
You passively map a small area around you.


Message History

* * * LOW HITPOINT WARNING * * *
The ice devil freezes you! You resist.
* * * LOW HITPOINT WARNING * * *
You pummel the ice devil!! You headbutt the ice devil.
The ice devil is heavily wounded.
The ice devil misses you.
You closely miss the ice devil. You headbutt the ice devil.
The ice devil is heavily wounded.
The ice devil hits you.
* * * LOW HITPOINT WARNING * * *
The ice devil freezes you. You resist.
* * * LOW HITPOINT WARNING * * *
The ice devil barely misses you.
You pummel the ice devil!!
You kill the ice devil!
Cheibriados thoroughly appreciates the change of pace.
The ice devil hits you!
* * * LOW HITPOINT WARNING * * *
The ice devil freezes you! You resist.
You die...

, #§§§#≈##....#..# ,
,#§§§###....##..# , . #
###§.§§##....#..## #§
#§##§§§§§.##)..##..#
*§§#§#§§§§§#§§##).#..##
* ##§......###§.####..#
#...§§...# #...###.##
#......4## ##..#..##
##....@.# ##....#
#.....## ##..## ##...##
#### ##.# ##


You could see an ice devil.

Vanquished Creatures
  Kirke (D:14)
  Azrael (D:12)
  A rakshasa (D:15)
  Harold (D:12)
  A catoblepas (D:14)
  3 hydras
  4 centaur warriors
  A death knight (D:15)
  An ogre mage (D:15)
  A tengu warrior (D:15)
  13 two-headed ogres
  A deep elf knight (D:14)
  19 slime creatures
  6 skeletal warriors
  A sea snake (shapeshifter) (D:15)
  An unseen horror (D:13)
  A glowing orange brain (D:15)
  2 orc knights
  3 deep elf magi
  A mana viper (shapeshifter) (D:15)
  5 ugly things
  5 cyclopes
  A manticore (shapeshifter) (D:14)
  A manticore (D:14)
  A guardian serpent (shapeshifter) (D:15)
  A black mamba (Lair:2)
  A gargoyle (D:15)
  3 ice statues
  3 spiny frogs
  A kobold demonologist (D:14)
  3 rime drakes
  2 freezing wraiths (D:15)
  5 komodo dragons
  7 ice devils (IceCv)
  A tengu conjurer (D:15)
  2 efreet
  6 trolls
  3 hornets
  8 blink frogs (Lair:3)
  A centaur simulacrum (D:14)
  7 hippogriffs
  A raiju (shapeshifter) (D:13)
  A vampire (D:14)
  Sigmund (D:3)
  A tarantella (shapeshifter) (D:15)
  3 wyverns
  14 yaks
  4 water elementals (D:14)
  16 humans (D:14)
  4 wraiths
  3 basilisks
  2 fire elementals (D:12)
  3 hogs (D:14)
  5 hungry ghosts
  2 hell hounds (D:12)
  4 water moccasins
  A soldier ant (D:13)
  5 porcupines
  2 acid dragons (D:15)
  2 sky beasts
  7 orc warriors
  5 ice beasts
  4 black bears
  A phantom (D:10)
  9 ogres
  11 centaurs
  A necrophage (D:11)
  6 crocodiles
  8 wolves
  5 big kobolds
  13 bullfrogs
  A water moccasin skeleton (D:7)
  A wyvern skeleton (D:11)
  7 scorpions
  9 killer bees
  9 wights
  5 howler monkeys
  6 electric eels
  A bullfrog zombie (D:10)
  6 centaur zombies
  8 crimson imps
  2 quasits
  5 centaur skeletons
  12 orc priests
  9 hounds
  6 jellies
  14 orc wizards
  5 iguanas
  2 bullfrog skeletons
  8 worker ants
  A killer bee zombie (D:6)
  A hound zombie (D:9)
  4 worker ant zombies
  6 gnolls (D:6)
  14 adders
  2 shadow imps
  9 white imps (IceCv)
  5 ufetubi (IceCv)
  5 oozes (D:8)
  2 adder skeletons
  2 adder zombies
  2 worms
  2 dart slugs (D:1)
  12 leopard geckos
  85 orcs
  2 ball pythons
  5 giant cockroaches
  5 goblins
  20 hobgoblins
  10 jackals
  36 kobolds
  8 quokkas
  6 bats
  2 frilled lizards
  2 quokka skeletons
  11 rats
  A bush (D:12)
650 creatures vanquished.

Vanquished Creatures (others)
  A wizard (D:3)
  2 white imps (IceCv)
  3 ufetubi (IceCv)
  A kobold (D:13)
  4 fungi
  10 plants
21 creatures vanquished.

Grand Total: 671 creatures vanquished

Notes
Turn   | Place    | Note
-------+----------+-------------------------------------------
     0 | D:1      | inmateoo the Minotaur Fire Elementalist began the quest for the Orb.
     0 | D:1      | Reached XP level 1. HP: 14/14 MP: 1/1
    71 | D:1      | Reached skill level 1 in Unarmed Combat
   426 | D:1      | Reached XP level 2. HP: 20/20 MP: 3/3
   431 | D:1      | Reached skill level 2 in Unarmed Combat
  1029 | D:1      | Reached skill level 1 in Fighting
  1225 | D:1      | Reached XP level 3. HP: 28/28 MP: 4/4
  1681 | D:2      | Reached skill level 3 in Unarmed Combat
  1705 | D:2      | Reached XP level 4. HP: 29/36 MP: 5/5
  2655 | D:3      | Reached skill level 4 in Unarmed Combat
  2738 | D:3      | Found a bloodstained altar of Trog.
  2814 | D:3      | Noticed a wizard
  2820 | D:3      | Killed a wizard
  2876 | D:3      | Noticed Sigmund
  3147 | D:3      | Killed Sigmund
  3147 | D:3      | Reached skill level 5 in Unarmed Combat
  3147 | D:3      | Reached XP level 5. HP: 46/46 MP: 6/6
  3147 | D:3      | Reached XP level 6. HP: 52/52 MP: 7/7
  3408 | D:4      | Found a staircase to the Ecumenical Temple.
  3427 | Temple   | Entered the Ecumenical Temple
  3453 | Temple   | Became a worshipper of Cheibriados the Contemplative
  4106 | D:4      | Reached skill level 1 in Armour
  4383 | D:4      | Reached skill level 6 in Unarmed Combat
  4612 | D:5      | Entered Level 5 of the Dungeon
  4621 | D:5      | Reached XP level 7. HP: 49/60 MP: 8/8
  5002 | D:5      | Reached * piety under Cheibriados
  5229 | D:5      | Reached skill level 5 in Fighting
  5433 | D:5      | Reached skill level 7 in Unarmed Combat
  5807 | D:5      | Reached XP level 8. HP: 60/68 MP: 9/9
  5961 | D:6      | Reached ** piety under Cheibriados
  6251 | D:6      | Found a white marble altar of Elyvilon.
  6315 | D:6      | Reached skill level 8 in Unarmed Combat
  6332 | D:6      | Reached skill level 5 in Dodging
  6736 | D:7      | Reached *** piety under Cheibriados
  6781 | D:7      | Reached skill level 5 in Armour
  6844 | D:7      | Reached XP level 9. HP: 72/78 MP: 10/10
  6860 | D:7      | Got an encrusted ring mail
  6879 | D:7      | Identified the +2 ring mail "Syeritom" {*Slow rElec rC+} (You found it on level 7 of the Dungeon)
  7013 | D:7      | Reached skill level 9 in Unarmed Combat
  7279 | D:7      | Noticed a two-headed ogre
  7287 | D:7      | Killed a two-headed ogre
  7399 | D:8      | Found a stormy altar of Qazlal.
  7474 | D:8      | Reached **** piety under Cheibriados
  7482 | D:8      | Reached skill level 10 in Unarmed Combat
  7520 | D:8      | Noticed a two-headed ogre
  7599 | D:8      | Killed a two-headed ogre
  7599 | D:8      | Reached XP level 10. HP: 79/89 MP: 11/11
  7755 | D:8      | Found a staircase to the Lair.
  7783 | D:8      | Reached ***** piety under Cheibriados
  7791 | D:8      | Noticed a two-headed ogre
  7796 | D:8      | Killed a two-headed ogre
  7796 | D:8      | Reached skill level 11 in Unarmed Combat
  8120 | D:8      | Gained mutation: You have large cloven feet. [mutagenic meat]
  8121 | D:8      | Gained mutation: You have sharp fingernails. [mutagenic meat]
  8122 | D:8      | Gained mutation: Your magical capacity is low. (-10% MP) [mutagenic meat]
  8850 | D:9      | Noticed a two-headed ogre
  8855 | D:9      | Killed a two-headed ogre
  8855 | D:9      | Reached XP level 11. HP: 79/97 MP: 10/10
  8886 | D:9      | Reached skill level 12 in Unarmed Combat
  9166 | D:10     | Entered Level 10 of the Dungeon
  9383 | D:10     | Found a staircase to the Orcish Mines.
  9437 | D:10     | Noticed a two-headed ogre
  9444 | D:10     | Killed a two-headed ogre
  9517 | D:10     | Noticed a two-headed ogre
  9524 | D:10     | Killed a two-headed ogre
  9524 | D:10     | Reached skill level 10 in Fighting
  9599 | D:10     | Reached ****** piety under Cheibriados
  9669 | D:10     | Gained mutation: You have hoof-like feet. [mutagenic meat]
  9945 | D:11     | Noticed a brown ugly thing
  9952 | D:11     | Killed a brown ugly thing
 10040 | D:11     | Noticed a red ugly thing
 10048 | D:11     | Killed a red ugly thing
 10250 | D:11     | Reached skill level 13 in Unarmed Combat
 10460 | D:11     | Noticed a four-headed hydra
 10464 | D:11     | Killed a four-headed hydra
 10619 | D:11     | Noticed a green ugly thing
 10625 | D:11     | Killed a green ugly thing
 10629 | D:11     | Gained mutation: You have hooves in place of feet. [mutagenic meat]
 10833 | D:12     | Noticed Azrael
 10835 | D:12     | Noticed a two-headed ogre
 10841 | D:12     | Reached XP level 12. HP: 98/108 MP: 11/11
 10855 | D:12     | Killed Azrael
 10855 | D:12     | Reached skill level 10 in Armour
 10858 | D:12     | Killed a two-headed ogre
 11028 | D:12     | Found a shattered altar of Ashenzari.
 11177 | D:12     | Reached skill level 14 in Unarmed Combat
 11182 | D:12     | Reached skill level 10 in Dodging
 11313 | D:12     | Noticed Harold
 11323 | D:12     | Killed Harold
 11575 | D:12     | Reached skill level 1 in Invocations
 11969 | D:12     | Reached skill level 1 in Shields
 12340 | D:13     | Noticed a five-headed hydra
 12350 | D:13     | Killed a five-headed hydra
 12350 | D:13     | Reached XP level 13. HP: 96/117 MP: 12/12
 12390 | D:13     | Reached skill level 15 in Unarmed Combat
 12790 | D:13     | Lost mutation: You have hooves in place of feet. [mutagenic meat]
 12791 | D:13     | Gained mutation: Your magical capacity is very low. (-20% MP) [mutagenic meat]
 13823 | D:14     | Got a smoking chain mail
 13844 | D:14     | Identified the cursed +0 chain mail of Chimes {*Slow Str+4 Int+2 SInv} (You found it on level 14 of the Dungeon)
 14158 | D:14     | Found a sacrificial altar of Ru.
 14514 | D:14     | Reached skill level 5 in Shields
 14516 | D:14     | Reached skill level 5 in Invocations
 14551 | D:14     | Found a gate to the Vaults.
 14647 | D:14     | Noticed Kirke
 14663 | D:14     | Killed Kirke
 14971 | D:14     | Reached skill level 16 in Unarmed Combat
 15028 | D:14     | Reached XP level 14. HP: 109/127 MP: 13/13
 15059 | D:15     | Entered Level 15 of the Dungeon
 16060 | D:15     | Gained mutation: You are frail. (-10% HP) [mutagenic meat]
 16061 | D:15     | Gained mutation: You are dopey. (Int -2) [mutagenic meat]
 16106 | D:15     | Gained mutation: Armour fits poorly on your strangely shaped body. [mutagenic meat]
 16116 | D:15     | Lost mutation: Your magical capacity is very low. (-20% MP) [mutagenic meat]
 16117 | D:15     | Gained mutation: Your body sometimes deteriorates upon taking damage. [mutagenic meat]
 16118 | D:15     | Lost mutation: You are dopey. (Int -2) [potion of mutation]
 16118 | D:15     | Lost mutation: Your body sometimes deteriorates upon taking damage. [potion of mutation]
 16118 | D:15     | Lost mutation: You are frail. (-10% HP) [potion of mutation]
 16118 | D:15     | Lost mutation: You have hoof-like feet. [potion of mutation]
 16118 | D:15     | Gained mutation: You have a pair of large horns on your head. [potion of mutation]
 16118 | D:15     | Gained mutation: You passively map a small area around you. [potion of mutation]
 16118 | D:15     | Gained mutation: You are somewhat resistant to further mutation. [potion of mutation]
 16419 | D:15     | Found a staircase to the Depths.
 16815 | Lair:1   | Entered Level 1 of the Lair of Beasts
 18247 | Lair:3   | Found a frozen archway.
 18262 | IceCv    | Entered an ice cave
 18516 | IceCv    | Slain by an ice devil

Skill      XL: |  1  2  3  4  5  6  7  8  9 10 11 12 13 14 |
---------------+-------------------------------------------+-----
Unarmed Combat | 1 2 3 5 6 7 8 10 11 13 14 16 | 16.9
Fighting       | 1 3 4 5 6 8 9 10 11 12 13 | 13.6
Armour         | 1 3 5 7 8 9 11 12 13 | 13.1
Dodging        | 4 5 7 8 9 10 | 10.5
Invocations    | 3 5 7 |  7.1
Shields        | 2 6 8 |  8.2
Stealth        | |  1.5
Spellcasting   | |  1.3
Conjurations   | |  0.6
Fire Magic     | |  2.1

Action                   |  1- 3 |  4- 6 |  7- 9 | 10-12 | 13-15 || total
-------------------------+-------+-------+-------+-------+-------++-------
Melee: Unarmed           |    38 |       |   121 |   482 |   514 ||  1155
       Headbutt          |    13 |    19 |    81 |   151 |   181 ||   445
       Punch             |     2 |       |       |       |       ||     2
       Short sword       |    73 |   125 |       |       |       ||   198
       Dagger            |       |    44 |   215 |       |       ||   259
       Kick              |       |       |       |   114 |    74 ||   188
Invok: Slouch            |       |       |       |     2 |     5 ||     7
Evoke: Wand              |       |       |     1 |       |       ||     1
  Use: Scroll            |     5 |     8 |    11 |     9 |     8 ||    41
       Potion            |       |     1 |       |       |     1 ||     2
  Eat: Chunk             |     2 |    10 |     6 |    10 |    18 ||    46
       Fruit             |       |       |       |    11 |       ||    11
Armor: Robe              |     3 |       |       |       |       ||     3
       Leather armour    |     5 |       |       |       |       ||     5
       Ring mail         |    29 |    60 |     7 |       |       ||    96
       Skin              |       |    11 |       |       |       ||    11
       Chain mail        |       |       |   148 |   181 |   133 ||   462
Dodge: Dodged            |    55 |    82 |   145 |   332 |   317 ||   931
Block: Buckler           |    10 |    21 |    55 |   117 |   113 ||   316
       Shield            |       |       |       |       |    85 ||    85
